AoeStats
← QNCMLT

Hideout

507479105Analyzed
1v1 RM · 14d ago on Sep 18, 2026· 78m 1s· 2 players
Game mode
Random Map
Map size
Tiny (2 player)
Population
200
Speed
Normal
Resources
Standard
Victory
Conquest
Starting age
Dark Age
Ending age
Imperial Age
RankedLock teamsTeams togetherTeam positionsShared explorationLock speedFull tech treeHidden civsTurbo modeCheats
Victory
Defeat
🇨🇳 Teutons · China
344
+14
🇬🇧 Britons · United Kingdom
311
-14
ralphwatson
11:56 Feudal Age
19:15 Castle Age
17:26 Horse Collar
19:01 Double-Bit Axe
21:06 Heavy Plow
21:55 Wheelbarrow
22:27 Bow Saw
24:31 Town Watch
27:44 Hand Cart
29:08 Man-at-Arms
35:41 Husbandry
38:14 Imperial Age
38:31 Gold Mining
38:20 Elite Longbowman
41:51 Two-Man Saw
41:34 Gold Shaft Mining
43:30 Hoardings
45:34 Padded Archer Armor
45:25 Fletching
47:28 Yeomen
52:29 Pikeman
53:33 Cavalier
54:52 Leather Archer Armor
54:39 Scale Mail Armor
54:44 Scale Barding Armor
54:35 Bodkin Arrow
58:03 Elite Skirmisher
58:17 Light Cavalry
59:49 Halberdier
63:36 Guilds
66:50 Squires
68:16 Loom
75:01 Ring Archer Armor
QNCMLT
11:04 Feudal Age
15:17 Castle Age
13:36 Double-Bit Axe
13:39 Horse Collar
18:35 Wheelbarrow
22:10 Loom
25:56 Gold Mining
25:57 Stone Mining
27:08 Hand Cart
27:47 Stone Shaft Mining
37:06 Imperial Age
35:22 Bow Saw
35:16 Heavy Plow
37:01 Scale Mail Armor
37:11 Forging
36:51 Fletching
37:08 Scale Barding Armor
38:28 Crenellations
38:43 Hoardings
38:29 Conscription
37:30 Elite Teutonic Knight
38:30 Ironclad
38:26 Guilds
39:19 Two-Man Saw
38:56 Crop Rotation
40:01 Chemistry
39:21 Ballistics
39:12 Masonry
39:07 Siege Engineers
40:43 Gambesons
40:58 Squires
40:44 Arson
41:12 Bodkin Arrow
41:52 Iron Casting
41:33 Chain Mail Armor
41:38 Chain Barding Armor
42:48 Bloodlines
41:59 Cavalier
42:01 Pikeman
45:20 Blast Furnace
44:51 Plate Mail Armor
43:54 Paladin
43:57 Elite Skirmisher
46:20 Town Watch
47:17 Plate Barding Armor
46:42 Padded Archer Armor
50:36 Leather Archer Armor
55:07 Town Patrol
57:24 Ring Archer Armor
59:35 Halberdier
Connection lost

Rejoining the realm…

Still unreachable

The connection could not be restored.

Session expired

The server has moved on; the page needs a fresh start.